 Dungeon Sprint DCSS version 0.21.1-1-g345015f (webtiles) character file.

103265 joklet the Gargoyle Barricade (level 16, -17/125 HPs)
             Began as a Gargoyle Berserker on Mar 12, 2018.
             Was the Champion of Trog.
             Killed from afar by a quicksilver dragon (26 damage)
             ... with a bolt of dispelling energy
             ... in the Dungeon (Sprint V: "Ziggurat Sprint") on Mar 14, 2018.
             The game lasted 00:45:20 (2733 turns).

joklet the Gargoyle Barricade (Gargoyle Berserker)  Turns: 2733, Time: 00:45:21

Health: -17/125    AC: 47    Str: 34    XL:     16   Next: 35%
Magic:  16/16      EV: 16    Int:  4    God:    Trog [******]
Gold:   0          SH: 38    Dex: 19    Spells: 15/15 levels left

rFire    . . .     SeeInvis +   a - +5 demon whip (flame)
rCold    + + .     Gourm    .   B - +18 shield of the Gong {rElec rN+ MR+ EV-5}
rNeg     + + .     Faith    .   A - +15 Maxwell's patent armour {-Cast -Tele rElec MR+ rCorr}
rPois    ∞         Spirit   .   M - +0 helmet {SInv}
rElec    +         Reflect  .   (no cloak)
rCorr    +         Harm     .   (no gloves)
MR       +++..     NoTele   +   (no boots) Stlth ..........NoCast +
                                I - amulet of Nuocasu {rC++ Regen+ Dex-2}
HPRegen  0.00/turn              z - ring "Uzofes" {+Blink Str+5 Int-5 Dex+8}
MPRegen  0.15/turn              E - ring of Mishry {EV+4 Str+2 Dex+4}

@: berserk cooldown, flying, studying 2 skills
A: big wings, negative energy resistance 1, electricity resistance, inhibited
regeneration, unbreathing, petrification resistance, rot immunity, AC +12
a: Stop Flying, Berserk, Trog's Hand, Brothers in Arms, Burn Spellbooks,
Renounce Religion, Evoke Blink


You were in the Dungeon.
You worshipped Trog.
Trog was exalted by your worship.
You were not hungry.

You visited 1 branch

Inventory:

Hand Weapons
 a - a +5 demon whip of flaming (weapon)
 b - a +5 fustibalus
 C - the +6 shillelagh "Devastator" {shatter}
   (You found it in the Dungeon)
 D - the +12 glaive of Prune {chop}
   (You found it in the Dungeon)

   It inflicts extra damage upon your enemies.
 G - a +3 blowgun
 O - the +8 eveningstar "Xerodgh" {flame, rPois rF- Int+3 Dex+2}
   (Trog gifted it to you in the Dungeon)

   It has been specially enchanted to burn those struck by it, causing extra
   injury to most foes and up to half again as much damage against particularly
   susceptible opponents.
   It affects your intelligence (+3).
   It affects your dexterity (+2).
   It makes you vulnerable to fire.
   It protects you from poison.
Armour
 A - the +15 Maxwell's patent armour (worn) {-Cast -Tele rElec MR+ rCorr}
   (You found it in the Dungeon)

   It insulates you from electricity.
   It affects your resistance to hostile enchantments.
   It prevents spellcasting.
   It prevents most forms of teleportation.
   It protects you from acid and corrosion.
 B - the +18 shield of the Gong (worn) {rElec rN+ MR+ EV-5}
   (You found it in the Dungeon)

   It affects your evasion (-5).
   It insulates you from electricity.
   It protects you from negative energy.
   It affects your resistance to hostile enchantments.
 M - a +0 helmet of see invisible (worn)
Jewellery
 z - the ring "Uzofes" (left hand) {+Blink Str+5 Int-5 Dex+8}
   (You found it in the Dungeon)

   [ring of strength]

   It affects your strength (+5).
   It affects your intelligence (-5).
   It affects your dexterity (+8).
   It lets you blink.
 E - the ring of Mishry (right hand) {EV+4 Str+2 Dex+4}
   (You found it in the Dungeon)

   [ring of evasion]

   It affects your evasion (+4).
   It affects your strength (+2).
   It affects your dexterity (+4).
 F - an uncursed amulet of the gourmand
 I - the amulet of Nuocasu (around neck) {rC++ Regen+ Dex-2}
   (You found it in the Dungeon)

   [amulet of regeneration]

   It affects your dexterity (-2).
   It greatly protects you from cold.
   It increases your rate of regeneration.
 K - an uncursed ring of magical power
Wands
 m - a wand of disintegration (7)
 u - a wand of iceblast (7)
 v - a wand of acid (7)
Scrolls
 i - 4 scrolls of blinking
 p - 7 scrolls of fog
 q - a scroll of holy word
 r - 4 scrolls of identify
 s - 5 scrolls of remove curse
 t - a scroll of fear
 y - 3 scrolls of brand weapon
Potions
 d - 9 potions of curing
 e - 4 potions of heal wounds
 f - 16 potions of haste
 g - 7 potions of magic
 h - 3 potions of berserk rage
 j - 2 potions of brilliance
 k - 2 potions of invisibility
 l - 3 potions of resistance
 n - 5 potions of agility
 o - 2 potions of might
Books
 P - a manual of Axes
 Q - a manual of Long Blades
Miscellaneous
 w - 9 phantom mirrors
 x - a lamp of fire
 H - 12 boxes of beasts
 J - a lightning rod (4/4)
 L - 3 sacks of spiders
 N - a lamp of fire
Comestibles
 c - 4 rations


   Skills:
 * Level 23.5 Fighting
 * Level 22.7 Maces & Flails
 * Level 18.7 Armour
 * Level 10.8 Dodging
 O Level 27 Shields
 + Level 0.8 Evocations


You had 15 spell levels left.
You didn't know any spells.

Dungeon Overview and Level Annotations

Branches:
Dungeon (1/1)

Altars:
Ashenzari
Cheibriados
Dithmenos
Elyvilon
Fedhas
Gozag
Hepliaklqana
Kikubaaqudgha
Makhleb
Nemelex Xobeh
Okawaru
Qazlal
Ru
Sif Muna
Trog
Uskayaw
Vehumet
Wu Jian
Xom
Yredelemnul
Zin
The Shining One
Beogh
Jiyva
Lugonu


Innate Abilities, Weirdness & Mutations

You are resistant to torment.
Your stone body is resilient. (AC +12)
You are immune to poison.
Your large and strong wings let you fly indefinitely.
You resist negative energy. (rN+)
You are resistant to electric shocks. (rElec)
You can survive without breathing.
You are immune to petrification.
You are immune to rotting.
You do not regenerate when monsters are visible.


Message History

* * * LOW HITPOINT WARNING * * *
The golden dragon claws you but does no damage.
The golden dragon tramples you but does no damage.
Your stone giant hits the shadow dragon!!
Unknown command.
Unknown command.
Unknown command.
Evoke which item? (* to show all) (? for menu, Esc to quit)
Aiming: Phantom Mirror
Press: ? - help, Dir - move target cursor, f - golden dragon
Aim: a golden dragon (lightly wounded)
You reflect the golden dragon with the mirror, and the mirror shatters!
You feel yourself speed up.
Your deep troll bites the swamp dragon but does no damage.
Your deep troll claws the swamp dragon!!
Your deep troll barely misses the swamp dragon.
Your stone giant misses the swamp drake.
The quicksilver dragon breathes dispelling energy at you.
The bolt of dispelling energy hits you!
You die...

})..k.)|k!k|)}[
!![[).|").|.))).
........k.......
................
.......k........
.....D.k........
........kDT.....
.......DDD......
......DD@D[.....
.....†.DDC......
...▓..C[k..▓....
.. ▓▓.....▓▓ ...
...▓.......▓....
...............
...............
.......©.......
▓▓▓▓▓▓▓▓▓▓▓▓▓▓▓


You could see 2 shadow dragons, 2 iron dragons, a golden dragon, a fire dragon,
a quicksilver dragon, a swamp dragon, 3 rime drakes, 2 swamp drakes, a steam
dragon, a friendly golden dragon, 2 friendly stone giants and a friendly deep
troll (berserk).

Vanquished Creatures
  A golden dragon (D)
  An Ice Fiend (D)
  A lich (D)
  3 quicksilver dragons (D)
  An acid blob (D)
  2 shadow dragons (D)
  An azure jelly (D)
  2 orc warlords (D)
  A deep elf sorcerer (D)
  2 frost giants (D)
  A ghoul (D)
  A vampire knight (D)
  3 stone giants (D)
  A deep elf annihilator (D)
  A merfolk javelineer (D)
  3 death oozes (D)
  2 blizzard demons (D)
  2 merfolk impalers (D)
  3 fire dragons (D)
  A yaktaur captain (D)
  7 hydras (D)
  11 ice dragons (D)
  6 vault guards (D)
  2 catoblepae (D)
  A two-headed ogre (D)
  A merfolk aquamancer (D)
  2 dancing weapons (D)
  3 vampire magi (D)
  2 orc high priests (D)
  A deep elf knight (D)
  2 skeletal warriors (D)
  2 death drakes (D)
  A sea snake (D)
  A deep elf archer (D)
  A swamp dragon (D)
  5 orc knights (D)
  2 necromancers (D)
  4 orc sorcerers (D)
  2 shining eyes (D)
  2 cyclopes (D)
  A moth of wrath (D)
  5 deep elf magi (D)
  A manticore (D)
  A manticore (shapeshifter) (D)
  A water nymph (D)
  An eye of devastation (D)
  A yaktaur (D)
  9 rime drakes (D)
  7 freezing wraiths (D)
  A tormentor (D)
  7 merfolk (D)
  4 ice devils (D)
  3 trolls (D)
  6 slime creatures (D)
  2 polar bears (D)
  A blink frog (D)
  A water elemental (D)
  A wyvern (D)
  3 shadows (D)
  2 air elementals (D)
  A vampire (D)
  2 yaks (D)
  A wraith (D)
  3 fire elementals (D)
  2 golden eyes (D)
  5 steam dragons (D)
  A warg (D)
  4 acid dragons (D)
  A water moccasin (D)
  5 hell hounds (D)
  4 ice beasts (D)
  A swamp drake (D)
  An eye of draining (D)
  6 orc warriors (D)
  A phantom (D)
  4 ogres (D)
  2 necrophages (D)
  2 centaurs (D)
  2 crocodiles (D)
  7 wights (D)
  7 jellies (D)
  An orc wizard (D)
  2 iron imps (D)
  3 white imps (D)
  An ooze (D)
  2 adder zombies (D)
  4 adder skeletons (D)
  An adder simulacrum (D)
  A bat skeleton (D)
  4 bat zombies (D)
  A giant cockroach zombie (D)
  A jackal simulacrum (D)
  2 leopard gecko skeletons (D)
  2 leopard gecko zombies (D)
  A quokka simulacrum (D)
  2 quokka skeletons (D)
239 creatures vanquished.

Vanquished Creatures (collateral kills)
  A golden dragon (D)
  A quicksilver dragon (D)
  2 shadow dragons (D)
  An iron dragon (D)
  A reaper (D)
  2 stone giants (D)
  An ettin (D)
  3 fire dragons (D)
  A blizzard demon (D)
  A merfolk javelineer (D)
  2 merfolk impalers (D)
  2 ice dragons (D)
  A merfolk aquamancer (D)
  A satyr (D)
  A sea snake (D)
  4 orc knights (D)
  A shining eye (D)
  A manticore (D)
  A merfolk siren (D)
  A water nymph (D)
  A black mamba (D)
  4 spiny frogs (D)
  3 freezing wraiths (D)
  3 rime drakes (D)
  An ice devil (D)
  A tormentor (D)
  A merfolk (D)
  3 blink frogs (D)
  2 wind drakes (D)
  2 hippogriffs (D)
  2 slime creatures (D)
  A flying skull (D)
  2 yaks (D)
  An acid dragon (D)
  4 orc warriors (D)
  2 water moccasins (D)
  A floating eye (D)
  3 swamp drakes (D)
  2 ice beasts (D)
  An eye of draining (D)
  3 ogres (D)
  6 crocodiles (D)
  A jelly (D)
  An orc wizard (D)
  4 white imps (D)
  2 adder skeletons (D)
  2 adder zombies (D)
  3 bat skeletons (D)
  2 bat zombies (D)
  A ball python zombie (D)
  A bat simulacrum (D)
  A leopard gecko skeleton (D)
  2 quokka skeletons (D)
98 creatures vanquished.

Vanquished Creatures (others)
  A rime drake (D)
  3 steam dragons (D)
  A swamp drake (D)
  A necrophage (D)
  A white imp (D)
  A quokka skeleton (D)
8 creatures vanquished.

Grand Total: 345 creatures vanquished

Notes
Turn   | Place    | Note
-------+----------+-------------------------------------------
     0 | D        | Found the +6 Majin-Bo {vamp, Archmagi MP+6 Int+6}
     0 | D        | Found the +7 great mace "Firestarter" {inner flame, rF++}
     0 | D        | joklet the Gargoyle Berserker began the quest for the Orb.
     0 | D        | Reached XP level 1. HP: 14/14 MP: 1/1
     0 | D        | Found a blossoming altar of Fedhas.
     5 | D        | Found a deep blue altar of Sif Muna.
     5 | D        | Found a sacrificial altar of Ru.
     5 | D        | Found a bloodstained altar of Trog.
     5 | D        | Found a stormy altar of Qazlal.
     5 | D        | Found an iron altar of Okawaru.
     5 | D        | Found a sparkling altar of Nemelex Xobeh.
     7 | D        | Found a transporter.
     7 | D        | Found an ancient bone altar of Kikubaaqudgha.
     7 | D        | Found a viscous altar of Jiyva.
     7 | D        | Found a corrupted altar of Lugonu.
     7 | D        | Found a hazy altar of Hepliaklqana.
     7 | D        | Found a burning altar of Makhleb.
     7 | D        | Found an opulent altar of Gozag.
     9 | D        | Reached skill level 5 in Fighting
     9 | D        | Reached skill level 4 in Shields
     9 | D        | Reached XP level 2. HP: 21/21 MP: 2/2
    49 | D        | Found the +9 heavy crossbow "Sniper" {velocity, Acc+∞ SInv}
    49 | D        | Found the +10 dark maul {crush}
    49 | D        | Found the +15 Maxwell's patent armour {-Cast -Tele rElec MR+ rCorr}
    49 | D        | Found the +18 shield of the Gong {rElec rN+ MR+ EV-5}
    49 | D        | Found the cursed +14 obsidian axe {chop, +Fly SInv *Curse}
    50 | D        | Found the +6 shillelagh "Devastator" {shatter}
    50 | D        | Found the +11 plutonium sword {*Contam Stlth-}
    50 | D        | Found the +8 lance "Wyrmbane" {slay drac, rPois rF+ rC+ AC+3}
    50 | D        | Found the +9 sword of Zonguldrok {reap}
    50 | D        | Found the cursed +13 scythe of Curses {drain, *Curse}
    50 | D        | Found the +0 sword of Power
    50 | D        | Found the +2 mace of Variability {chaos}
    50 | D        | Found the +7 Singing Sword
    50 | D        | Found the +7 longbow "Piercer" {penet, EV-2}
   175 | D        | Entered arena 2.
   175 | D        | Noticed a deep elf mage
   175 | D        | Noticed a water elemental
   175 | D        | Found a transporter.
   178 | D        | Killed a water elemental
   178 | D        | Reached skill level 5 in Armour
   178 | D        | Reached XP level 3. HP: 29/29 MP: 3/3
   178 | D        | Reached XP level 4. HP: 35/35 MP: 4/4
   178 | D        | Reached XP level 5. HP: 39/39 MP: 5/5
   179 | D        | Killed a deep elf mage
   179 | D        | Reached ** piety under Trog
   179 | D        | Reached skill level 10 in Fighting
   179 | D        | Reached XP level 6. HP: 48/48 MP: 6/6
   179 | D        | Reached XP level 7. HP: 53/53 MP: 7/7
   233 | D        | Entered arena 3.
   233 | D        | Noticed a merfolk
   233 | D        | Noticed a merfolk
   233 | D        | Noticed a merfolk
   233 | D        | Found a transporter.
   240 | D        | Killed a merfolk
   240 | D        | Reached skill level 10 in Maces & Flails
   246 | D        | Killed a merfolk
   246 | D        | Reached skill level 5 in Shields
   246 | D        | Reached XP level 8. HP: 60/60 MP: 8/8
   248 | D        | Killed a merfolk
   248 | D        | Reached *** piety under Trog
   303 | D        | Entered arena 4.
   303 | D        | Found a transporter.
   310 | D        | Reached **** piety under Trog
   330 | D        | Entered arena 5.
   330 | D        | Found a transporter.
   335 | D        | Reached skill level 6 in Shields
   341 | D        | Reached ***** piety under Trog
   350 | D        | Got the ring "Uzofes" {+Blink Str+5 Int-5 Dex+8}
   355 | D        | Entered arena 6.
   355 | D        | Noticed a slime creature
   355 | D        | Found a transporter.
   356 | D        | Found the +12 glaive of Prune {chop}
   363 | D        | Killed a slime creature
   363 | D        | Reached XP level 9. HP: 63/68 MP: 9/9
   365 | D        | Received a gift from Trog
   413 | D        | Entered arena 7.
   413 | D        | Noticed a lindwurm
   413 | D        | Noticed a dire flail of protection
   413 | D        | Noticed a deep elf knight
   413 | D        | Noticed a deep elf mage
   413 | D        | Noticed a deep elf mage
   419 | D        | Killed a deep elf mage
   419 | D        | Reached skill level 7 in Shields
   420 | D        | Noticed a manticore
   420 | D        | a lindwurm changed into a manticore
   421 | D        | Killed a deep elf knight
   421 | D        | Reached skill level 5 in Dodging
   424 | D        | Killed a deep elf mage
   424 | D        | Reached ****** piety under Trog
   424 | D        | Received a gift from Trog
   424 | D        | Reached skill level 8 in Shields
   426 | D        | Killed a manticore
   431 | D        | Killed a dire flail of protection
   431 | D        | Reached skill level 9 in Shields
   431 | D        | Reached XP level 10. HP: 75/75 MP: 10/10
   432 | D        | Found a transporter.
   451 | D        | Got the ring "Wyodweom" {rPois Int+4 SInv}
   473 | D        | Entered arena 8.
   473 | D        | Noticed a shining eye
   477 | D        | Found a transporter.
   477 | D        | Gained mutation: You do not regenerate when monsters are visible. [a shining eye]
   480 | D        | Received a gift from Trog
   481 | D        | Reached skill level 10 in Armour
   485 | D        | Killed a shining eye
   485 | D        | Reached skill level 10 in Shields
   493 | D        | Received a gift from Trog
   494 | D        | Got a warped war axe {god gift}
   501 | D        | Identified the +7 war axe of Punishment {chop, rN+} (Trog gifted it to you in the Dungeon)
   517 | D        | Got the ring of Mishry {EV+4 Str+2 Dex+4}
   542 | D        | Entered arena 9.
   542 | D        | Noticed a cyclops
   542 | D        | Noticed a cyclops
   544 | D        | Found a transporter.
   554 | D        | Reached skill level 11 in Shields
   557 | D        | Killed a cyclops
   557 | D        | Received a gift from Trog
   558 | D        | Killed a cyclops
   602 | D        | Entered arena 10.
   602 | D        | Noticed a shining eye
   602 | D        | Noticed a shining eye
   603 | D        | Paralysed by a floating eye for 2 turns
   610 | D        | Reached skill level 12 in Shields
   613 | D        | Killed a shining eye
   614 | D        | Found a transporter.
   616 | D        | Killed a shining eye
   616 | D        | Reached XP level 11. HP: 80/80 MP: 5/11
   623 | D        | Received a gift from Trog
   659 | D        | Entered arena 11.
   665 | D        | Received a gift from Trog
   668 | D        | Reached skill level 13 in Shields
   669 | D        | Found a transporter.
   725 | D        | Entered arena 12.
   725 | D        | Noticed a deep elf mage
   725 | D        | Noticed a deep elf archer
   725 | D        | Noticed a deep elf annihilator
   726 | D        | Noticed a deep elf sorcerer
   727 | D        | Noticed a hand axe of freezing
   728 | D        | Noticed a deep elf mage
   730 | D        | Killed a deep elf mage
   735 | D        | Killed a hand axe of freezing
   737 | D        | Killed a deep elf annihilator
   737 | D        | Received a gift from Trog
   737 | D        | Reached skill level 14 in Shields
   737 | D        | Killed a deep elf sorcerer
   737 | D        | Reached skill level 15 in Fighting
   737 | D        | Reached skill level 15 in Maces & Flails
   740 | D        | Killed a deep elf archer
   740 | D        | Received a gift from Trog
   740 | D        | Reached skill level 15 in Shields
   746 | D        | Found a transporter.
   747 | D        | Killed a deep elf mage
   809 | D        | Entered arena 13.
   809 | D        | Noticed a vault guard
   809 | D        | Noticed a vault guard
   809 | D        | Noticed a shadow dragon
   809 | D        | Noticed a stone giant
   809 | D        | Noticed a vault guard
   809 | D        | Noticed a vault guard
   809 | D        | Noticed a vault guard
   810 | D        | Noticed a shadow dragon
   811 | D        | Noticed a yaktaur captain
   811 | D        | Noticed a vault guard
   812 | D        | Found a transporter.
   816 | D        | Killed a vault guard
   816 | D        | Received a gift from Trog
   821 | D        | Killed a vault guard
   821 | D        | Reached skill level 16 in Shields
   822 | D        | Killed a vault guard
   823 | D        | Killed a stone giant
   823 | D        | Reached XP level 12. HP: 88/88 MP: 12/12
   824 | D        | Killed a vault guard
   824 | D        | Reached skill level 17 in Shields
   824 | D        | Killed a vault guard
   836 | D        | Killed a yaktaur captain
   836 | D        | Received a gift from Trog
   836 | D        | Reached skill level 18 in Shields
   838 | D        | Killed a shadow dragon
   850 | D        | Killed a shadow dragon
   850 | D        | Reached skill level 19 in Shields
   855 | D        | Killed a vault guard
   895 | D        | Got a crude flail {god gift}
   906 | D        | Received a gift from Trog
   912 | D        | Got the amulet of Nuocasu {rC++ Regen+ Dex-2}
   928 | D        | Entered arena 14.
   929 | D        | Noticed a vampire mage
   932 | D        | Noticed a vampire mage
   936 | D        | Received a gift from Trog
   937 | D        | Found a transporter.
   943 | D        | Killed a vampire mage
   949 | D        | Received a gift from Trog
   952 | D        | Killed a vampire mage
   981 | D        | Received a gift from Trog
  1001 | D        | Entered arena 15.
  1002 | D        | Noticed a death ooze
  1003 | D        | Noticed a death ooze
  1003 | D        | Noticed a death ooze
  1003 | D        | Noticed an acid blob
  1003 | D        | Noticed an azure jelly
  1004 | D        | Found the +10 Black Knight's horse barding {ponderous, rPois rN+}
  1004 | D        | Found a transporter.
  1008 | D        | Reached skill level 20 in Shields
  1012 | D        | Killed a death ooze
  1012 | D        | Reached XP level 13. HP: 92/93 MP: 13/13
  1012 | D        | Killed a death ooze
  1012 | D        | Received a gift from Trog
  1016 | D        | Killed an acid blob
  1022 | D        | Reached skill level 21 in Shields
  1024 | D        | Killed an azure jelly
  1029 | D        | Killed a death ooze
  1325 | D        | Entered arena 16.
  1333 | D        | Received a gift from Trog
  1336 | D        | Reached skill level 22 in Shields
  1341 | D        | Received a gift from Trog
  1344 | D        | Found a transporter.
  1377 | D        | Received a gift from Trog
  1400 | D        | Entered arena 17.
  1403 | D        | Noticed a blizzard demon
  1403 | D        | Noticed a frost giant
  1404 | D        | Noticed an ice dragon
  1404 | D        | Noticed a frost giant
  1405 | D        | Found a transporter.
  1419 | D        | Killed a frost giant
  1419 | D        | Reached skill level 15 in Armour
  1424 | D        | Killed a frost giant
  1424 | D        | Reached skill level 23 in Shields
  1430 | D        | Killed a blizzard demon
  1438 | D        | Received a gift from Trog
  1454 | D        | Killed an ice dragon
  1480 | D        | Received a gift from Trog
  1483 | D        | Identified the +8 flail "Fonivepogh" {venom, *Rage *Drain rPois Dex+3} (Trog gifted it to you in the Dungeon)
  1510 | D        | Entered arena 18.
  1512 | D        | Noticed a vampire knight
  1515 | D        | Found the +7 captain's cutlass {speed, disarm}
  1515 | D        | Noticed a lich
  1515 | D        | Noticed a ghoul
  1517 | D        | Noticed a Tzitzimitl
  1521 | D        | Killed a vampire knight
  1521 | D        | Received a gift from Trog
  1523 | D        | Gained mutation: Your large and strong wings let you fly indefinitely. [Gargoyle growth]
  1523 | D        | Reached XP level 14. HP: 100/100 MP: 14/14
  1524 | D        | Found a transporter.
  1529 | D        | Reached skill level 24 in Shields
  1530 | D        | Received a gift from Trog
  1533 | D        | Killed a lich
  1537 | D        | Killed a ghoul
  1544 | D        | Received a gift from Trog
  1562 | D        | Got a faintly glowing eveningstar {god gift}
  1563 | D        | Identified the +8 eveningstar "Xerodgh" {flame, rPois rF- Int+3 Dex+2} (Trog gifted it to you in the Dungeon)
  1623 | D        | Entered arena 19.
  1627 | D        | Found the +4 skin of Zhor {rC+++}
  1634 | D        | Received a gift from Trog
  1646 | D        | Received a gift from Trog
  1653 | D        | Received a gift from Trog
  1653 | D        | Reached skill level 25 in Shields
  1654 | D        | Found a transporter.
  1667 | D        | Received a gift from Trog
  1724 | D        | Entered arena 20.
  1737 | D        | Received a gift from Trog
  1773 | D        | Received a gift from Trog
  1785 | D        | Reached skill level 26 in Shields
  1790 | D        | Received a gift from Trog
  1798 | D        | Found a transporter.
  1881 | D        | Received a gift from Trog
  1978 | D        | Entered arena 21.
  1990 | D        | Received a gift from Trog
  2007 | D        | Received a gift from Trog
  2012 | D        | Received a gift from Trog
  2019 | D        | Reached XP level 15. HP: 111/111 MP: 15/15
  2025 | D        | Received a gift from Trog
  2045 | D        | Found a transporter.
  2092 | D        | Received a gift from Trog
  2102 | D        | Got the amulet "Yvaor" {+Rage Dex+3}
  2145 | D        | Entered arena 22.
  2160 | D        | Received a gift from Trog
  2164 | D        | Reached skill level 27 in Shields
  2169 | D        | Received a gift from Trog
  2176 | D        | Received a gift from Trog
  2177 | D        | Found a transporter.
  2184 | D        | Received a gift from Trog
  2184 | D        | Received a gift from Trog
  2297 | D        | Got a flickering brass ring
  2299 | D        | Identified the ring of Ethics {+Fly rC+ Int+2} (You acquired it in the Dungeon)
  2322 | D        | Entered arena 23.
  2361 | D        | Noticed an orc warlord
  2362 | D        | Noticed an orc warlord
  2382 | D        | Killed an orc warlord
  2382 | D        | Received a gift from Trog
  2392 | D        | Killed an orc warlord
  2432 | D        | Received a gift from Trog
  2455 | D        | Received a gift from Trog
  2463 | D        | Received a gift from Trog
  2465 | D        | Found a transporter.
  2480 | D        | Received a gift from Trog
  2534 | D        | Entered arena 24.
  2550 | D        | Received a gift from Trog
  2554 | D        | Received a gift from Trog
  2560 | D        | Noticed an Ice Fiend
  2566 | D        | Received a gift from Trog
  2573 | D        | Received a gift from Trog
  2587 | D        | Killed an Ice Fiend
  2600 | D        | Found a transporter.
  2602 | D        | Received a gift from Trog
  2602 | D        | Received a gift from Trog
  2602 | D        | Received a gift from Trog
  2649 | D        | Entered arena 25.
  2656 | D        | Noticed a golden dragon
  2656 | D        | Noticed a shadow dragon
  2656 | D        | Noticed a quicksilver dragon
  2657 | D        | Found the +3 robe of Clouds {+Fly rElec}
  2657 | D        | Noticed an iron dragon
  2657 | D        | Noticed a shadow dragon
  2657 | D        | Noticed a quicksilver dragon
  2657 | D        | Noticed a golden dragon
  2657 | D        | Noticed a shadow dragon
  2657 | D        | Noticed a quicksilver dragon
  2657 | D        | Noticed an iron dragon
  2657 | D        | Noticed a quicksilver dragon
  2657 | D        | Noticed an iron dragon
  2658 | D        | Received a gift from Trog
  2658 | D        | Received a gift from Trog
  2658 | D        | Received a gift from Trog
  2660 | D        | Noticed a quicksilver dragon
  2666 | D        | Noticed a shadow dragon
  2671 | D        | Killed a quicksilver dragon
  2671 | D        | Reached skill level 10 in Dodging
  2674 | D        | Noticed a golden dragon
  2678 | D        | Killed a quicksilver dragon
  2678 | D        | Reached XP level 16. HP: 73/124 MP: 16/16
  2684 | D        | Received a gift from Trog
  2701 | D        | Killed a quicksilver dragon
  2714 | D        | Received a gift from Trog
  2716 | D        | Killed a shadow dragon
  2717 | D        | Killed a golden dragon
  2718 | D        | Killed a golden dragon
  2720 | D        | Killed a shadow dragon
  2720 | D        | Received a gift from Trog
  2722 | D        | Killed a quicksilver dragon
  2722 | D        | Received a gift from Trog
  2729 | D        | HP: 4/125 [iron dragon (12)]
  2733 | D        | Killed from afar by a quicksilver dragon

Skill      XL: |  1  2  3  4  5  6  7  8  9 10 11 12 13 14 15 16 |
---------------+-------------------------------------------------+-----
Fighting       | 5 8 10 12 13 14 15 16 19 22 23 | 23.5
Maces & Flails | 4 7 9 10 11 12 14 15 16 17 19 21 22 | 22.7
Armour         | 3 5 6 7 9 11 12 13 15 16 17 18 | 18.7
Shields        | 4 5 6 9 12 16 20 23 26 27 | 27.0
Dodging        | 2 3 4 5 6 10 | 10.8
Evocations     | |  0.8

Action                   |  1- 3 |  4- 6 |  7- 9 | 10-12 | 13-15 | 16-18 || total
-------------------------+-------+-------+-------+-------+-------+-------++-------
Melee: Shillelagh        |     2 |     1 |    49 |   113 |   117 |       ||   282
       Demon whip        |       |       |       |       |   312 |    43 ||   355
Invok: Berserk           |     1 |       |     3 |     7 |    10 |       ||    21
       Trog's Hand       |       |       |     2 |     8 |     8 |       ||    18
       Burn Spellbooks   |       |       |     1 |     7 |    10 |       ||    18
       Brothers in Arms  |       |       |       |     3 |    23 |     4 ||    30
 Abil: Fly               |       |       |       |       |     1 |       ||     1
Evoke: Box of beasts     |       |       |     1 |       |       |       ||     1
       Phantom mirror    |       |       |       |       |       |     1 ||     1
  Use: Potion            |     1 |       |     1 |     1 |     6 |     6 ||    15
       Scroll            |       |       |       |       |     4 |       ||     4
 Stab: Confused          |       |       |       |       |     1 |       ||     1
       Distracted        |       |       |       |       |     1 |       ||     1
  Eat: Ration            |       |       |     1 |     2 |       |     1 ||     4
       Chunk             |       |       |       |    23 |   114 |       ||   137
Armor: Plate armour      |       |       |     7 |    26 |   132 |   187 ||   352
Dodge: Dodged            |       |       |     2 |    14 |   140 |   117 ||   273
Block: Shield            |     2 |       |    44 |   115 |   702 |   210 ||  1073
